 Dungeon Crawl Stone Soup version 0.29-a0-221-gceb61267dd (webtiles) character file.

Game seed: 5966373437741506899

229 Aksej the Skirmisher (level 5, 0/43 HPs)
             Began as a Demonspawn Monk on Feb 26, 2022.
             Slain by an ogre
             ... wielding a +0 giant club
              (19 damage)
             ... on level 3 of the Dungeon.
             The game lasted 00:05:12 (1895 turns).

Aksej the Skirmisher (Demonspawn Monk)              Turns: 1895, Time: 00:05:12

Health: 0/43       AC:  9    Str: 12    XL:     5   Next: 71%
Magic:  5/5        EV: 13    Int: 11    God:
Gold:   83         SH:  0    Dex: 17    Spells: 3/4 levels left

rFire   . . .      SeeInvis .   a - +0 mace (vamp)
rCold   . . .      Faith    .   (no shield)
rNeg    . . .      Spirit   .   b - +0 robe
rPois   .          Reflect  .   (helmet restricted)
rElec   .          Harm     .   (no cloak)
rCorr   +          Rampage  .   (no gloves)
Will    .....                   h - +0 pair of boots
Stlth   ++........              (no amulet)
HPRegen 0.14/turn               f - ring of resist corrosion
MPRegen 0.09/turn               (no ring)

@: sanguine armoured
A: antennae 1, sanguine armour 1
a: no special abilities


You were on level 3 of the Dungeon.
You visited 1 branch of the dungeon, and saw 3 of its levels.

You collected 119 gold pieces.
You spent 36 gold pieces at shops.

Inventory:

Hand Weapons
 a - a +0 vampiric mace (weapon)
Armour
 b - a +0 robe (worn)
 h - a +0 pair of boots (worn)
Jewellery
 c - a ring of fire
 d - an amulet of the acrobat
 f - a ring of resist corrosion (left hand)
Wands
 g - a wand of iceblast (6)
Scrolls
 i - a scroll of brand weapon
Potions
 e - a potion of invisibility
 j - a potion of attraction


   Skills:
 * Level 4.3 Fighting
 + Level 4.1 Maces & Flails
 + Level 3.4 Dodging
 + Level 2.7 Stealth


You had 3 spell levels left.
You knew the following spells:

 Your Spells              Type           Power      Damage    Failure   Level
a - Apportation           Tloc           0%         N/A       34%         1

Your spell library contained the following spells:

 Spells                   Type           Power      Damage    Failure   Level
 Confusing Touch          Hex            0%         N/A       71%         3
 Alistair's Intoxication  Tmut/Pois      0%         N/A       100%        5
 Yara's Violent Unravell  Hex/Tmut       0%         3d3       100%        5
 Enfeeble                 Hex            0%         N/A       100%        7


Dungeon Overview and Level Annotations

Branches:
Dungeon (3/15)

Altars:

Shops:
D:1 *


Innate Abilities, Weirdness & Mutations

You have a pair of small antennae on your head.
When seriously injured, your blood forms armour. (AC +6)


Message History

a +0 short sword; 22 stones
There is an open door here.
There is a stone staircase leading down here.
You climb downwards.
Found a yellow potion, a dagger and a scroll of identify.
There is a stone staircase leading up here.
No target in view!
j - a yellow potion
k - a scroll of identify
As you read the scroll of identify, it crumbles to dust.
j - a potion of attraction An ogre comes into view.
It is wielding a +0 giant club.
Found 8 gold pieces.
The ogre shouts!
You hit the ogre but do no damage. The ogre closely misses you.
You barely miss the ogre. The ogre misses you.
You hit the ogre.
The ogre is lightly wounded.
The ogre closely misses you.
You hit the ogre.
The ogre is moderately wounded.
The ogre hits you with a +0 giant club!!
Ouch! That really hurt!
Your blood congeals into armour.
You are too injured to fight recklessly!
You hit the ogre.
You feel better.
The ogre is heavily wounded.
You hit the ogre.
The ogre is severely wounded.
The ogre hits you with a +0 giant club!
You barely miss the ogre.
The ogre is severely wounded.
The ogre barely misses you.
You barely miss the ogre.
The ogre is severely wounded.
The ogre barely misses you.
You barely miss the ogre.
The ogre is severely wounded.
The ogre hits you with a +0 giant club!!
You die...

.......<....#
......).....#
............#
...........##
.....#......###
######.####...####
#. ###....# ..
####.# .. #@# ..
#O# ... #....
...... .......#
##...$.# #.....#


You could see an ogre.

Vanquished Creatures
  A necrophage (D:2)
  An orc priest (D:2)
  An orc wizard (D:2)
  3 adders (D:2)
  2 worms (D:2)
  A dart slug (D:1)
  2 orcs (D:2)
  A bat (D:2)
  3 endoplasms
  12 giant cockroaches
  4 goblins (D:2)
  2 hobgoblins (D:1)
  3 jackals (D:2)
  7 kobolds
  A quokka (D:1)
  2 ball pythons (D:1)
  5 frilled lizards
  4 rats
55 creatures vanquished.

Notes
Turn   | Place    | Note
-------+----------+-------------------------------------------
     0 | D:1      | Aksej the Demonspawn Monk began the quest for the Orb.
     0 | D:1      | Reached XP level 1. HP: 18/18 MP: 1/1
     1 | D:1      | Noticed an electric eel
   282 | D:1      | Gained mutation: You have a pair of small antennae on your
                  | head. [demonic ancestry]
   282 | D:1      | Reached XP level 2. HP: 23/24 MP: 2/2
   455 | D:1      | Learned a level 1 spell: Apportation
   548 | D:1      | Found Fylarearch's Assorted Antiques.
   559 | D:1      | Bought a brown potion for 18 gold pieces
   559 | D:1      | Bought a golden potion for 18 gold pieces
   768 | D:2      | Noticed a necrophage
   791 | D:2      | Gained mutation: You are clumsy. (Dex -2) [potion of
                  | mutation]
   791 | D:2      | Gained mutation: Your spells are a little easier to cast,
                  | but a little less powerful. [potion of mutation]
   791 | D:2      | Gained mutation: You sometimes lose the ability to read
                  | scrolls when taking damage. [potion of mutation]
   791 | D:2      | Gained mutation: Your natural rate of healing is unusually
                  | fast. [potion of mutation]
   971 | D:2      | Killed a necrophage
   972 | D:2      | Gained mutation: When seriously injured, your blood forms
                  | armour. (AC +6) [demonic ancestry]
   972 | D:2      | Reached XP level 3. HP: 10/30 MP: 3/3
   972 | D:2      | Reached XP level 4. HP: 12/37 MP: 4/4
  1090 | D:2      | Reached XP level 5. HP: 41/42 MP: 5/5
  1554 | D:2      | Lost mutation: Your spells are a little easier to cast, but
                  | a little less powerful. [potion of mutation]
  1554 | D:2      | Lost mutation: You are clumsy. (Dex -2) [potion of
                  | mutation]
  1554 | D:2      | Lost mutation: You sometimes lose the ability to read
                  | scrolls when taking damage. [potion of mutation]
  1554 | D:2      | Lost mutation: Your natural rate of healing is unusually
                  | fast. [potion of mutation]
  1580 | D:2      | Found a faded altar of an unknown god.
  1884 | D:3      | Noticed an ogre
  1895 | D:3      | Slain by an ogre

Illustrated notes

Levels and vault maps discovered:
D:1:      arrival_aquarium_a, layout_basic, serial_shops, shop
D:2:      minmay_roachtagon, layout_basic, ebering_ecumenical_altar_webs
D:3:      layout_rooms

Skill      XL: |  1  2  3  4  5 |
---------------+----------------+-----
Maces & Flails | 3 4 |  4.1
Dodging        | 3 |  3.4
Stealth        | 2 |  2.7
Fighting       | 4 |  4.3

Action                   |  1- 3 |  4- 6 || total
-------------------------+-------+-------++-------
Melee: Mace              |    81 |   176 ||   257
       Punch             |       |     1 ||     1
  Use: Scroll            |     1 |     2 ||     3
       Potion            |     4 |     2 ||     6
 Stab: Sleeping          |     6 |     2 ||     8
       Invisible         |     2 |       ||     2
Armor: Robe              |    16 |    55 ||    71
Dodge: Dodged            |    54 |   133 ||   187

Table legend: (Time is in decaauts)
 A = Elapsed time spent in this place.
 B = Non-inter-level travel time spent in this place.
 C = Inter-level travel time spent in this place.
 D = Time resting spent in this place.
 E = Time spent auto-exploring this place.
 F = Levels seen in this place.
 G = Mean time per level.
                   A        B        C        D        E       F      G
               +--------+--------+--------+--------+--------+-----+--------+
         Total |   1913 |   1813 |    100 |      0 |   1249 |   3 |  637.7 |
       Dungeon |   1913 |   1813 |    100 |      0 |   1249 |   3 |  637.7 |
               +--------+--------+--------+--------+--------+-----+--------+

Top non-repeatable levels by time:
     D:2: 1083 daAuts
     D:1: 801 daAuts
     D:3: 29 daAuts
